 Dungeon Crawl Stone Soup version 0.27.0-1-g7a089689b8 (webtiles) character file.

Game seed: 6616596285761696316

7309 Crazydiamond the Grappler (level 10, 0/75 (86) HPs)
             Began as a Green Draconian Transmuter on Aug 16, 2021.
             Was a Follower of Wu Jian.
             Slain by a spectral orc knight (6 damage)
             ... summoned by Nergalle
             ... on level 10 of the Dungeon.
             The game lasted 00:35:14 (12917 turns).

Crazydiamond the Grappler (DrTm)                   Turns: 12917, Time: 00:35:15

HP:   0/75 (86)     AC:  2    Str: 13    XL:     10   Next: 90%
MP:   18/19         EV: 22    Int: 16    God:    Wu Jian [*.....]
Gold: 424           SH:  0    Dex: 17    Spells: 10/21 levels left

rFire    . . .     SeeInvis .     - Unarmed
rCold    . . .     Faith    .   (shield currently unavailable)
rNeg     . . .     Spirit   .   (armour unavailable)
rPois    x         Reflect  .   (helmet currently unavailable)
rElec    .         Harm     .   (cloak currently unavailable)
rCorr    .         Rampage  .   (gloves currently unavailable)
Will     .....     Clarity  +   (boots currently unavailable)
Stlth    +++.......             (no amulet)
HPRegen  0.22/turn              (no ring)
MPRegen  0.16/turn              (no ring)

@: spider-form, heavily drained
A: venomous fangs, (breathe noxious fumes), AC +7, tiny, unfitting armour,
(poison resistance), (cold-blooded), clarity, robust 1, evolution 2
a: End Transformation, Renounce Religion


You were on level 10 of the Dungeon.
You worshipped Wu Jian.
Wu Jian was aware of your devotion.
You were a venomous arachnid creature.
You visited 2 branches of the dungeon, and saw 11 of its levels.

You collected 537 gold pieces.
You spent 95 gold pieces at shops.
You donated 18 gold pieces to Zin.

Inventory:

Missiles
 c - 9 poisoned darts
 u - 7 atropa-tipped darts
 A - a throwing net
Armour
 k - a +0 pair of gloves (melded)
 n - a +0 pair of boots (melded)
 o - a +0 cloak (melded)
Magical Staves
 r - a staff of earth
Wands
 f - a wand of mindburst (12)
 y - a wand of digging (4)
 E - a wand of polymorph (12)
 F - a wand of iceblast (10)
Scrolls
 a - 6 scrolls of teleportation
 d - a scroll of amnesia
 g - 4 scrolls of noise
 l - 2 scrolls of immolation {unknown}
 m - a scroll of magic mapping
 p - 3 scrolls of enchant weapon {unknown}
 s - 2 scrolls of fear {unknown}
 w - 5 scrolls of identify
 z - a scroll of enchant armour {unknown}
 B - a scroll of fog
Potions
 b - a potion of attraction
 e - a potion of brilliance
 h - a potion of degeneration
 i - a potion of flight {unknown}
 j - 2 potions of ambrosia
 q - a potion of invisibility
 t - a potion of berserk rage {unknown}
 v - a potion of mutation
 x - 2 potions of curing {unknown}
 C - a potion of haste {unknown}
Miscellaneous
 D - a phial of floods


   Skills:
 + Level 4.2 Fighting
 + Level 5.5 Dodging
 + Level 3.9 Stealth
 + Level 3.0 Shields
 + Level 9.8 Unarmed Combat
 + Level 6.0 Spellcasting
 + Level 3.6 Translocations
 + Level 6.6 Transmutations
 + Level 3.5 Ice Magic
 + Level 3.0 Earth Magic
 + Level 4.9 Poison Magic
 + Level 3.3 Invocations
 + Level 3.0 Evocations


You had 10 spell levels left.
You knew the following spells:

 Your Spells              Type           Power      Damage    Failure   Level
a - Beastly Appendage     Tmut           52%        N/A       4%          1
b - Spider Form           Tmut/Pois      11%        N/A       12%         3
c - Ice Form              Ice/Tmut       21%        N/A       36%         4
d - Teleport Other        Tloc           16%        N/A       24%         3

Your spell library contained the following spells:

 Spells                   Type           Power      Damage    Failure   Level
 Wereblood                Tmut           26%        N/A       6%          2
 Gell's Gravitas          Tloc           8%         N/A       24%         3
 Lesser Beckoning         Tloc           8%         N/A       24%         3
 Dispersal                Tloc           8%         N/A       100%        6
 Disjunction              Tloc           8%         N/A       100%        8


Dungeon Overview and Level Annotations

Branches:
Dungeon (10/15)            Temple (1/1) D:7
   Lair: D:8-11         Orc: D:9-12

Altars:
Ashenzari
Cheibriados
Dithmenos
Elyvilon
Fedhas
Gozag
Hepliaklqana
Kikubaaqudgha
Makhleb
Nemelex Xobeh
Okawaru
Qazlal
Ru
Sif Muna
Trog
Uskayaw
Vehumet
Wu Jian
Xom
Yredelemnul
Zin
The Shining One

Shops:
D:2 *   D:6 [   D:9 :   D:10 :

Annotations:
D:10 Nergalle


Innate Abilities, Weirdness & Mutations

You are a venomous arachnid creature.
You have poisonous fangs.
You are tiny and dextrous.
Your spellcasting is less reliable in this form.
Your armour is entirely melded.
You are incapable of wielding weapons or throwing items.
((You can breathe blasts of noxious fumes.))
((Your lurid green scales are hard. (AC +7)))
You cannot fit into any form of body armour.
((Your system is resistant to poisons. (rPois)))
((You are cold-blooded and may be slowed by cold attacks.))
You possess an exceptional clarity of mind.
You are robust. (+10% HP)
You rapidly evolve.


Message History

The spectral orc barely misses you.
The spectral orc knight hits you with a +2 vorpal broad axe!
Nergalle gestures at you while chanting.
Orcish apparitions take form around you.
The spectral orc completely misses you.
You bite Nergalle!
Nergalle is severely wounded.
The spectral orc knight hits you with a +2 vorpal broad axe.
You feel drained. The spectral orc closely misses you.
You hit Nergalle.
Nergalle is almost dead.
Nergalle hits you with a +2 dagger of electrocution.
You are electrocuted!
The spectral orc hits you with a +0 hand axe.
The spectral orc knight hits you with a +2 vorpal broad axe.
You feel drained.
You hit Nergalle but do no damage.
Nergalle looks as sick as possible!
Nergalle is almost dead.
The spectral orc completely misses you.
Nergalle gestures at you while chanting.
The bolt of negative energy hits you!!
You feel drained.
* * * LOW HITPOINT WARNING * * *
The bolt of negative energy hits the spectral orc warrior.
The spectral orc warrior completely resists.
The spectral orc warrior misses you.
The spectral orc knight closely misses you.
You barely miss Nergalle.
Nergalle is almost dead.
The spectral orc completely misses you. Nergalle casts a spell at you.
Orcish apparitions take form around you.
The spectral orc warrior hits you with a +0 scimitar.
* * * LOW HITPOINT WARNING * * *
Okay, then.
You barely miss Nergalle.
Nergalle is almost dead.
The spectral orc hits you with a +0 hand axe.
* * * LOW HITPOINT WARNING * * *
The spectral orc knight hits you with a +2 vorpal broad axe.
You die...

#.##..
#.##..####.. #.
#.# #..##.#
.#.##. ##....#
...... #....#
.... #....# #
... #....# #.
#.## #....#
#..#.o###....#
#...ZsZZ.#...#
#...#..ZZ..#...#
.....Z...Z.#...#
._...###..##.#.#
.8... ##..#.#.#
._.. ##.#...#
... .##.># ..#
.. ..# .# #..


You could see Nergalle (extremely poisoned), a spectral orc (summoned, fast), 4
spectral orc warriors and 2 spectral orc knights.

Vanquished Creatures
  A two-headed ogre (D:10)
  2 centaur zombies
  Prince Ribbit (D:8)
  A shadow (D:9)
  2 wyverns (D:9)
  17 yaks
  2 steam dragons (D:7)
  A water moccasin (D:9)
  An ice beast (D:7)
  A hornet zombie (D:7)
  A black bear (D:5)
  A sky beast (D:6)
  A necrophage (D:8)
  2 ogres
  2 centaurs
  A bullfrog (D:8)
  A gnoll sergeant (D:8)
  4 scorpions
  7 killer bees
  5 wights (D:6)
  3 howler monkeys
  A bullfrog zombie (D:5)
  4 hounds
  A gnoll shaman (D:6)
  4 orc priests
  Crazy Yiuf (D:3)
  A bullfrog skeleton (D:5)
  3 iguanas
  4 orc wizards
  A hound zombie (D:5)
  4 howler monkey zombies
  13 gnolls
  A howler monkey skeleton (D:6)
  7 adders
  A white imp (D:5)
  2 ufetubi
  2 worms
  6 dart slugs
  25 orcs
  8 endoplasms
  A giant cockroach (D:1)
  8 goblins
  6 hobgoblins
  5 jackals
  6 kobolds
  4 quokkas
  10 ball pythons
  8 bats
  5 frilled lizards
  7 rats
206 creatures vanquished.

Notes
Turn   | Place    | Note
-------+----------+-------------------------------------------
     0 | D:1      | Crazydiamond the Draconian Transmuter began the quest for
                  | the Orb.
     0 | D:1      | Reached XP level 1. HP: 16/16 MP: 3/3
   345 | D:1      | Found a faded altar of an unknown god.
   365 | D:1      | Reached XP level 2. HP: 22/23 MP: 3/5
   815 | D:1      | Reached XP level 3. HP: 20/28 MP: 6/6
   829 | D:1      | Learned a level 3 spell: Spider Form
  1369 | D:2      | Found Kakhomp Ceub's General Store.
  1382 | D:2      | Bought a scroll of noise for 14 gold pieces
  1382 | D:2      | Bought a potion of degeneration for 14 gold pieces
  2428 | D:3      | Reached XP level 4. HP: 35/35 MP: 3/8
  2521 | D:3      | Learned a level 4 spell: Ice Form
  2875 | D:3      | Found a runed translucent door.
  2876 | D:3      | Noticed Crazy Yiuf
  2888 | D:3      | Killed Crazy Yiuf
  2889 | D:3      | Reached skill level 4 in Unarmed Combat
  3264 | D:4      | Reached XP level 5. HP: 36/40 MP: 5/9
  3698 | D:3      | Reached XP level 6. HP: 46/47 MP: 8/11
  3782 | D:3      | Reached skill level 6 in Unarmed Combat
  3782 | D:3      | Reached skill level 5 in Transmutations
  3782 | D:3      | Your scales start taking on a lurid green colour.
  3782 | D:3      | Reached XP level 7. HP: 6/58 MP: 10/13
  3782 | D:3      | Gained mutation: Your system is resistant to poisons.
                  | (rPois) [Green Draconian growth]
  3783 | D:3      | HP: 4/87 [poisoned by an orc]
  3784 | D:3      | Gained mutation: You sometimes lose the ability to read
                  | scrolls when taking damage. [potion of mutation]
  3784 | D:3      | Gained mutation: You are robust. (+10% HP) [potion of
                  | mutation]
  3784 | D:3      | Gained mutation: You evolve. [potion of mutation]
  3784 | D:3      | Gained mutation: You possess an exceptional clarity of
                  | mind. [potion of mutation]
  3891 | D:3      | Lost mutation: You sometimes lose the ability to read
                  | scrolls when taking damage. [evolution]
  5157 | D:5      | Entered Level 5 of the Dungeon
  5709 | D:5      | Reached XP level 8. HP: 51/72 MP: 11/15
  6329 | D:5      | Identified the +6 scale mail of the Snake Pit {Harm Str+5}
  6532 | D:5      | Found a glowing golden altar of the Shining One.
  6822 | D:6      | Reached skill level 5 in Spellcasting
  7013 | D:6      | Found Eblet's Antique Armour Shop.
  7021 | D:6      | Bought a pair of boots for 67 gold pieces
  7225 | D:6      | Reached skill level 7 in Unarmed Combat
  7382 | D:6      | Reached XP level 9. HP: 49/78 MP: 13/16
  8005 | D:6      | Reached skill level 5 in Dodging
  8012 | D:6      | Reached skill level 8 in Unarmed Combat
  8935 | D:7      | Found a staircase to the Ecumenical Temple.
  8972 | Temple   | Entered the Ecumenical Temple
  9087 | Temple   | Became a worshipper of Zin the Law-Giver
  9087 | Temple   | Reached * piety under Zin
  9109 | Temple   | Fell from the grace of Zin
  9109 | Temple   | Became a worshipper of the Wu Jian Council
  9432 | D:7      | Reached XP level 10. HP: 81/85 MP: 15/18
  9521 | D:7      | Gained mutation: You rapidly evolve. [evolution]
 10585 | D:8      | Noticed Prince Ribbit
 10593 | D:8      | Killed Prince Ribbit
 10594 | D:8      | Reached skill level 9 in Unarmed Combat
 10599 | D:8      | Learned a level 3 spell: Teleport Other
 10625 | D:8      | Identified the +3 quarterstaff "Leraop" {holy, +Blink rF+++
                  | rCorr Dex-4}
 11030 | D:8      | Found a hazy altar of Hepliaklqana.
 11030 | D:8      | Found a broken altar of Ashenzari.
 11704 | D:9      | Found Onesm's Self-Improvement Boutique.
 12451 | D:9      | Reached * piety under Wu Jian
 12549 | D:10     | Entered Level 10 of the Dungeon
 12589 | D:10     | Found Usuoha's Book Emporium.
 12590 | D:10     | Noticed a two-headed ogre
 12606 | D:10     | Killed a two-headed ogre
 12895 | D:10     | Noticed Nergalle
 12901 | D:10     | Found a burning altar of Makhleb.
 12901 | D:10     | Found a hide-covered altar of Uskayaw.
 12917 | D:10     | Slain by a spectral orc knight

Illustrated notes

Levels and vault maps discovered:
D:1:      ncdulo_wetmaze, layout_basic,
          dreamdust_ecumenical_altar_angels_and_demons
D:2:      layout_basic, serial_shops, nicolae_shop_competitors_out_of_business,
          grunt_ministairs_14, dk_vineyard_3
D:3:      layout_loops_ring, minmay_misc_feat_enclosed, uniq_crazy_yiuf_cottage
D:4:      kennysheep_big_flooded_room, layout_basic
D:5:      minmay_thinvault, layout_cave_pools, mainiacjoe_overflow_tiny_flanked
D:6:      layout_basic, serial_shops, shop, hangedman_decor_riveting
D:7:      layout_loops_ring, minmay_temple_entry_large_hall, feat_on_display
D:8:      layout_cave_pools, gammafunk_temple_overflow_wave, serial_rivers,
          chequers_serial_rivers_small_3, chequers_serial_rivers_micro_e,
          chequers_serial_rivers_micro_c, chequers_serial_rivers_room_a,
          chequers_serial_rivers_small_b, chequers_serial_rivers_micro_b,
          uniq_prince_ribbit1
D:9:      layout_basic, nicolae_shop_self_help
D:10:     wad_cavern_with_rooms, layout_rooms,
          chequers_temple_overflow_statue_of_worship, dpeg_oklobed_lair,
          serial_shops, nicolae_shop_trees, minivault_20, uniq_nergalle
Temple:   minmay_crystal_spiral_temple

Skill      XL: |  1  2  3  4  5  6  7  8  9 10 |
---------------+-------------------------------+-----
Dodging        | 2 4 5 |  5.5
Unarmed Combat | 4 6 7 8 9 |  9.8
Spellcasting   | 3 4 5 6 |  6.0
Transmutations | 3 5 6 |  6.6
Fighting       | 3 4 |  4.2
Stealth        | 3 |  3.9
Shields        | 3 |  3.0
Translocations | 3 |  3.6
Ice Magic      | 3 |  3.5
Earth Magic    | 3 |  3.0
Poison Magic   | 3 4 |  4.9
Invocations    | 3 |  3.3
Evocations     | 3 |  3.0

Action                   |  1- 3 |  4- 6 |  7- 9 | 10-12 || total
-------------------------+-------+-------+-------+-------++-------
Melee: Unarmed           |   128 |    82 |   305 |   176 ||   691
       Tailslap          |    14 |     1 |     2 |       ||    17
       Headbutt          |    12 |     4 |       |       ||    16
       Kick              |    15 |     8 |     1 |       ||    24
       Punch             |     1 |       |     1 |       ||     2
Throw: Dart              |       |       |     1 |       ||     1
 Cast: Beastly Appendage |    29 |    11 |     2 |       ||    42
       Spider Form       |     1 |     6 |    29 |    17 ||    53
       Ice Form          |       |       |     8 |     6 ||    14
Invok: Lunge             |       |       |     1 |    11 ||    12
 Abil: Breathe Noxious F |       |       |     1 |     4 ||     5
  Use: Potion            |       |     5 |     2 |       ||     7
       Scroll            |       |       |     5 |       ||     5
 Stab: Sleeping          |     1 |       |     3 |     1 ||     5
       Invisible         |       |       |     1 |       ||     1
       Confused          |       |       |       |     4 ||     4
Armor: Skin              |    43 |    13 |    29 |    17 ||   102
Dodge: Dodged            |    59 |    53 |   208 |   130 ||   450
